Map: Abyssal Reef LE

Players

GuMiho

  • Race: Terran Terran
  • Spawn Location: 11:00

soO - Winner!

  • Race: Zerg Zerg
  • Spawn Location: 5:00

Event: 2017 WCS Global Finals

VOD

Have the link to the VOD?

Description

Time

  • Played on: Nov. 3, 2017, 4:22 p.m.
  • Length: 4:10

All games in this series

Show
View Real Time Build Order
Export as new Build Order

GuMiho Terran 

Build Orders: Reaper Expand 

Get SALT Encoding   

  12  0:00  SCV  
  13  0:12  SCV  
  14  0:18  Supply Depot  
  14  0:24  SCV  
  15  0:40  SCV  
  15  0:41  Barracks  
  16  0:53  SCV  
  17  0:58  Refinery  
  17  1:05  SCV  
  18  1:17  SCV  
  19  1:30  Orbital Command  
  19  1:42  Reaper  
  19  1:51  Command Center  
  19  1:55  SCV  
  19  1:59  Refinery  
  20  2:06  Supply Depot  
  20  2:10  SCV  
  20  2:14  Reaper  
  22  2:22  SCV  
  23  2:31  Factory  
  23  2:34  SCV  
  24  2:46  SCV  
  26  2:58  SCV  
  26  3:03  Orbital Command  
  25  3:10  SCV  
  26  3:15  Starport, Factory Reactor  
  26  3:22  SCV  
  27  3:31  SCV  
  27  3:33  Supply Depot  
  28  3:34  SCV  
  29  3:46  SCV x2  
  37  3:58  Armory  
Show
View Real Time Build Order
Export as new Build Order

soO Zerg - Winner!

Build Orders: Pool First 

Get SALT Encoding   

  12  0:00  Drone  
  13  0:11  Overlord  
  13  0:16  Drone  
  14  0:30  Drone x2  
  14  0:33  Drone  
  17  0:43  Extractor  
  17  0:45  Drone  
  17  0:49  Spawning Pool  
  16  0:55  Drone  
  17  1:06  Drone  
  18  1:21  Drone  
  19  1:37  Hatchery  
  19  1:39  Queen  
  20  1:44  Zergling x2  
  21  1:58  Zergling x2  
  22  2:02  Metabolic Boost  
  22  2:13  Drone, Roach Warren  
  22  2:19  Overlord  
  22  2:30  Overlord  
  22  2:39  Zergling x4  
  24  2:53  Zergling x2  
  24  2:58  Roach x3  
  31  3:04  Roach x2  
  34  3:14  Roach x2  
  38  3:21  Roach  
  38  3:25  Overlord  
  40  3:34  Overlord  
  40  3:38  Zergling x2  
  40  3:39  Zergling x2  
  42  3:50  Ravager  
Tags
 
Add a new tag
Caveats
  • Supply blocks, unpowered buildings, or Contaminate may cause inaccurate times.
  • Supply counts are checked every 10 seconds.